 Dungeon Crawl Stone Soup version 0.21-a0-47-g7c8f537 (webtiles) character file.

79 KristoblXynda the Conjurer (level 4, -2/49 HPs)
             Began as a Draconian Conjurer on June 8, 2017.
             Splashed by a jelly's acid (7 damage)
             ... on level 3 of the Dungeon.
             The game lasted 00:07:08 (2153 turns).

KristoblXynda the Conjurer (Draconian Conjurer)     Turns: 2153, Time: 00:07:09

Health: -2/49      AC: 18    Str: 10    XL:     4   Next: 16%
Magic:  2/7        EV:  2    Int: 16    God:
Gold:   117        SH:  0    Dex: 12    Spells: 6/7 levels left

rFire    . . .     SeeInvis .   h - +1 spear (venom)
rCold    . . .     Gourm    .   (no shield)
rNeg     + + +     Faith    .   (armour unavailable)
rPois    +         Spirit   .   (helmet currently unavailable)
rElec    .         Reflect  .   (cloak currently unavailable)
rCorr    .         Harm     .   (gloves currently unavailable)
MR       .....     NoTele   +   (boots currently unavailable)
Stlth    ++........             (no amulet)
Regen    0.2/turn               f - ring of poison resistance
MPRegen  0.1/turn               (no ring)

@: tree-form, corroded
A: unfitting armour, AC +5
a: no special abilities


You were on level 3 of the Dungeon.
You were not hungry.
You were a tree.
You visited 1 branch of the dungeon, and saw 3 of its levels.

You collected 117 gold pieces.

Inventory:

Hand Weapons
 h - a +1 spear of venom (weapon)
Jewellery
 f - a ring of poison resistance (left branch)
 m - a +6 ring of intelligence {unknown}
 o - an uncursed ring of resist corrosion {unknown}
Scrolls
 e - 2 scrolls of remove curse {unknown}
 k - 2 scrolls of fear {unknown}
 l - a scroll of identify {unknown}
 p - a scroll of blinking {unknown}
Potions
 c - a potion of magic {unknown}
 d - a potion of might {unknown}
 j - a potion of brilliance {unknown}
 n - a potion of degeneration {unknown}
Books
 a - a book of Conjurations

   Spells                             Type                      Level
   a - Magic Dart                     Conjuration                  1
   b - Searing Ray                    Conjuration                  2
   c - Dazzling Spray                 Conjuration/Hexes            3
   d - Fulminant Prism                Conjuration/Hexes            4
   e - Force Lance                    Conjuration/Translocation    4
   f - Iskenderun's Mystic Blast      Conjuration                  4
Comestibles
 b - a bread ration
 i - 2 royal jellies
 q - 3 chunks of flesh
 r - a meat ration


   Skills:
 - Level 1.7 Dodging
 - Level 1.7 Stealth
 * Level 2.8 Unarmed Combat
 - Level 2.0 Spellcasting
 + Level 4.8 Conjurations


You had 6 spell levels left.
You knew the following spells:

 Your Spells              Type           Power        Failure   Level  Hunger
a - Magic Dart            Conj           ###.         3%          1    #......


Dungeon Overview and Level Annotations

Branches:
Dungeon (3/15)

Altars:


Innate Abilities, Weirdness & Mutations

((Your plain brown scales are hard. (AC +5)))
You cannot fit into any form of body armour.
((You are cold-blooded and may be slowed by cold attacks.))


Message History

Your roots penetrate the ground.
The jelly hits you but does no damage.
You hit the jelly but do no damage.
Your branches burn!
* * * LOW HITPOINT WARNING * * *
The jelly is heavily wounded.
The jelly barely misses you.
You hit the jelly.
Your branches burn!
* * * LOW HITPOINT WARNING * * *
The jelly is severely wounded.
The jelly hits you but does no damage.
Casting: Magic Dart
Confirm with . or Enter, or press ? or * to list all spells.
Aiming: Magic Dart
Press: ? - help, Shift-Dir - straight line, f - jelly
Aim: a jelly (severely wounded)
The magic dart hits the jelly.
The jelly is severely wounded.
The jelly hits you.
* * * LOW HITPOINT WARNING * * *
You are splashed with acid!
The acid burns!
You die...

###.###
#.....#
.#.##†....###
............#
##.##.....#.#
.........#.#
#..########g#
#. #J# . #♣#
#.# #.# #.#
#.######
#......#
######.# #.#
#.#


You could see a jelly and a hobgoblin.

Vanquished Creatures
  3 adders
  An ooze (D:3)
  2 worms (D:2)
  A dart slug (D:1)
  2 leopard geckos
  4 bats
  2 giant cockroaches
  5 goblins
  3 hobgoblins
  4 jackals (D:3)
  2 ball pythons (D:2)
  4 frilled lizards
  4 kobolds
  4 rats
41 creatures vanquished.

Notes
Turn   | Place    | Note
-------+----------+-------------------------------------------
     0 | D:1      | KristoblXynda the Draconian Conjurer began the quest for the Orb.
     0 | D:1      | Reached XP level 1. HP: 14/14 MP: 3/3
   582 | D:1      | Reached skill level 1 in Unarmed Combat
   589 | D:1      | Reached XP level 2. HP: 17/20 MP: 1/5
  1207 | D:2      | Reached XP level 3. HP: 15/26 MP: 3/6
  2097 | D:3      | Reached XP level 4. HP: 33/33 MP: 7/7
  2153 | D:3      | Splashed by a jelly's acid

Vault maps used:
D:1:      dpeg_arrival_rooms_a, serial_park_tiny_2
D:3:      uniq_jessica, uniq_robin

Skill      XL: |  1  2 |
---------------+-------+-----
Unarmed Combat | 1 2 |  2.8
Dodging        | |  1.7
Stealth        | |  1.7
Spellcasting   | |  2.0
Conjurations   | |  4.8

Action                   |  1- 3 |  4- 6 || total
-------------------------+-------+-------++-------
Melee: Unarmed           |    52 |       ||    52
       Tailslap          |    10 |       ||    10
       Spear             |    52 |    10 ||    62
       Punch             |       |     1 ||     1
 Cast: Magic Dart        |    46 |     7 ||    53
  Use: Potion            |       |     1 ||     1
  Eat: Chunk             |     5 |       ||     5
Armor: Skin              |    48 |     3 ||    51
Dodge: Dodged            |    95 |     6 ||   101
